 Dungeon Crawl Stone Soup version 0.30-a0-1016-gfb0d676c02 (webtiles) character file.

Game seed: 15804317871784733795

282 ytrimaz the Chopper (level 6, -2/70 HPs)
             Began as a Formicid Fighter on Apr 7, 2023.
             Killed from afar by an orc wizard (4 damage)
             ... with a puff of flame
             ... on level 4 of the Dungeon.
             The game lasted 00:03:16 (2641 turns).

ytrimaz the Chopper (Formicid Fighter)              Turns: 2641, Time: 00:03:16

Health: -2/70      AC: 23    Str: 26 (27) XL:     6   Next: 53%
Magic:  6/6        EV:  2    Int:  3 (6)  God:
Gold:   161        SH:  5    Dex:  9 (12) Spells: 5/5 levels left

rFire   . . .      SeeInvis .    a - +0 war axe
rCold   . . .      Faith    .    c - +1 buckler
rNeg    . . .      Spirit   .    b - melded +0 scale mail
rPois   +          Reflect  .    (helmet unavailable)
rElec   .          Rampage  .    m - melded scarf {shadows}
rCorr   .                        j - melded +0 pair of gloves
Will    .....                    (boots currently unavailable)
Stlth   +                        (no amulet)
HPRegen 0.31/turn                (no ring)
MPRegen 0.10/turn                (no ring)

@: lethally poisoned (-2 -> -8), tree-form, attractive
A: stationary, stasis, torment immunity, boosted hp, permanent stasis, dig
shafts and tunnels, (antennae 3), four strong arms, strong 1
a: no special abilities


You were on level 4 of the Dungeon.
You were a tree.
You visited 1 branch of the dungeon, and saw 4 of its levels.

You collected 161 gold pieces.


Innate Abilities, Weirdness & Mutations

You are a tree.
Your roots penetrate the ground, keeping you stationary.
You cannot be teleported.
You are immune to unholy pain and torment.
Your maximum health is greatly increased.
Your equipment is partially melded.
You cannot be hasted, slowed, berserked, paralysed or teleported.
You can dig through walls and to a lower floor.
((You have a pair of large antennae on your head. (SInv)))
Your four strong arms can wield two-handed weapons with a shield.
Your muscles are strong. (Str +4, Int/Dex -1)


   Skills:
 - Level 3.2 Fighting
 + Level 6.4 Axes
 - Level 3.2 Armour
 - Level 4.0 Shields


You had 5 spell levels left.
You didn't know any spells.
Your spell library contained the following spells:

 Spells                   Type           Power      Damage    Failure   Level
 Slow                     Hex            0%         N/A       58%         1
 Confusing Touch          Hex            0%         N/A       92%         3
 Vampiric Draining        Necr           0%         2d6       92%         3

Inventory:

Hand Weapons
 a - a +0 war axe (weapon)
Armour
 b - a +0 scale mail (melded)
 c - a +1 buckler (worn)
 j - a +0 pair of gloves (melded)
   (You found it on level 1 of the Dungeon)
 m - a scarf of shadows (melded)
   (You found it on level 3 of the Dungeon)
Wands
 p - a wand of digging (5)
   (You took it off an orc on level 4 of the Dungeon)
Scrolls
 k - 2 scrolls of torment
 o - a scroll of enchant armour
Potions
 d - a potion of might
 e - a potion of lignification

Dungeon Overview and Level Annotations

Branches:
Dungeon (4/15) Zot: 21292
 Temple: D:4-7

Altars:
Yredelemnul

Annotations:
D:4 3 runed translucent doors, xian's ghost, novice DrCj

#..†<. #.#... #.#..#
#.#... #.#..#
########## #.#...
.........# #.#..#
#.########.#####.#..#
#..{♣)..............#
#<######.............
#.#.#######.##
#.#.#######.##
#.............
###.........##
########### ..# #.#


There were no monsters in sight!


Message History

😨 HP[-1]
You take 1 damage, and now have 20/70 hp.
Unknown command.
It was a potion of berserk rage.
Your stasis prevents you from going berserk.
You feel sick. Something hits you but does no damage.
It was a potion of ambrosia.
You are more confused.
You feel invigorated.
You feel sick.
You are no longer poisoned.
Something hits you but does no damage.
You are poisoned. 😨 HP[+4]
You regained 4 hp, and now have 24/70 hp.
You feel sick.
Something hits you but does no damage. 😨 HP[+2]
You regained 2 hp, and now have 26/70 hp.
You feel less invigorated.
You feel sick.
Something hits you but does no damage. 😨 HP[+3]
You regained 3 hp, and now have 29/70 hp.
You feel sick.
Something hits you but does no damage. 😨 HP[-1]
You take 1 damage, and now have 28/70 hp.
You feel less confused.
You feel sick.
Something hits you but does no damage. 😨 HP[-1]
You take 1 damage, and now have 27/70 hp.
Unknown command.
You cannot move.
You cannot move.
Unknown command.
You cannot move.
You cannot move.
You hit something.
You feel sick.
Something completely misses you. 😨 HP[-1]
You take 1 damage, and now have 26/70 hp.
You miss something.
You feel sick.
Something hits you but does no damage. 😨 HP[-1]
You take 1 damage, and now have 25/70 hp.
You closely miss something.
You feel sick.
You are no longer poisoned.
Something hits you but does no damage. x2
You are poisoned. 😨 HP[-1]
You take 1 damage, and now have 24/70 hp.
Unknown command.
You closely miss something.
You feel sick.
Something hits you but does no damage. 😨 HP[-1]
You take 1 damage, and now have 23/70 hp.
You barely miss something.
You feel sick. Something hits you but does no damage.
You are more poisoned. 😨 HP[-1]
You take 1 damage, and now have 22/70 hp.
You barely miss something.
You feel very sick.
You hear some strange, mumbled words.
A puff of flame appears from out of thin air!
The puff of flame hits you but does no damage. 😨 HP[-4]
You take 4 damage, and now have 18/70 hp.
You miss something.
You feel very sick. You block something's attack.
Something hits you but does no damage.
You are lethally poisoned! 😱 HP[-3]
You take 3 damage, and now have 15/70 hp.
It was a potion of haste.
Your stasis prevents you from being hasted.
* * * LOW HITPOINT WARNING * * *
You feel very sick.
Something hits you but does no damage. 😱 HP[-4]
You take 4 damage, and now have 11/70 hp.
Unknown command.
As you read the scroll of immolation, it crumbles to dust.
The creatures around you are filled with an inner flame!
* * * LOW HITPOINT WARNING * * *
You feel very sick.
Something hits you but does no damage. 😱 HP[-3]
You take 3 damage, and now have 8/70 hp.
Unknown command.
You cannot move.
Unknown command.
You barely miss something.
* * * LOW HITPOINT WARNING * * *
You feel very sick.
Something hits you but does no damage. 😱 HP[-3]
You take 3 damage, and now have 5/70 hp.
You barely miss something.
* * * LOW HITPOINT WARNING * * *
You feel very sick.
You hear some strange, mumbled words.
A puff of flame appears from out of thin air!
The puff of flame hits you.
You die...

Skill      XL: |  1  2  3  4  5  6 |
---------------+-------------------+-----
Axes           | 3 4 5 6 |  6.4
Fighting       | |  3.2
Armour         | |  3.2
Shields        | |  4.0

Action                     |  1- 3 |  4- 6 || total
---------------------------+-------+-------++-------
  Melee: War axe           |    80 |   128 ||   208
    Use: Scroll            |     3 |     6 ||     9
         Potion            |       |     9 ||     9
 Armour: Scale mail        |    56 |    56 ||   112
         Skin              |       |    30 ||    30
  Dodge: Dodged            |    44 |    39 ||    83
  Block: Buckler           |    23 |    43 ||    66

Levels and vault maps discovered:
D:1:      dpeg_arrival_boxorama, layout_basic, minmay_box_of_dots
D:2:      layout_rooms
D:3:      layout_basic, uniq_robin
D:4:      layout_loops_ring, nicolae_yredelemnul_ghost_church, uniq_grinder

Notes
Turn   | Place    | Note
-------+----------+-------------------------------------------
     0 | D:1      | ytrimaz the Formicid Fighter began the quest for the Orb.
     0 | D:1      | Reached XP level 1. HP: 18/18 MP: 1/1
     0 | D:1      | magus.rc [v1.9.6]
    43 | D:1      | You pick up a book of Debilitation and begin reading...
    43 | D:1      | You add the spells Slow, Vampiric Draining and Confusing
                  | Touch to your library.
   212 | D:1      | Reached XP level 2. HP: 24/24 MP: 2/2
   345 | D:1      | Reached skill level 3 in Axes
   558 | D:1      | Reached XP level 3. HP: 28/29 MP: 3/3
  1069 | D:2      | Reached skill level 4 in Axes
  1069 | D:2      | Reached XP level 4. HP: 35/35 MP: 4/4
  1977 | D:3      | Noticed Robin
  2003 | D:3      | Killed Robin
  2004 | D:3      | Reached XP level 5. HP: 31/41 MP: 5/5
  2073 | D:3      | Identified the +0 ring mail "Culel" {rElec rPois rF++
                  | Stlth-}
  2232 | D:4      | Noticed an ogre
  2247 | D:4      | Killed an ogre
  2248 | D:4      | Reached skill level 5 in Axes
  2248 | D:4      | Reached XP level 6. HP: 28/47 MP: 6/6
  2386 | D:4      | Found a runed translucent gate.
  2386 | D:4      | Found a runed translucent gate.
  2386 | D:4      | Noticed xian's ghost (novice DrCj)
  2387 | D:4      | Found a runed translucent gate.
  2388 | D:4      | Found a basalt altar of Yredelemnul.
  2396 | D:4      | Reached skill level 6 in Axes
  2622 | D:4      | Gained mutation: Your muscles are strong. (Str +4, Int/Dex
                  | -1) [potion of mutation]
  2637 | D:4      | HP: 15/70 [poisoned by an orc wizard]
  2640 | D:4      | HP: 5/70 [poisoned by an orc wizard]
  2641 | D:4      | HP: 2/70 [poisoned by an orc wizard]
  2641 | D:4      | Killed from afar by an orc wizard

Vanquished Creatures
  An ogre (D:4)
  A water moccasin zombie (D:4)
  Robin (D:3)
  3 adders
  An adder zombie (D:4)
  4 dart slugs
  3 orcs (D:4)
  9 bats
  6 endoplasms
  2 giant cockroaches
  5 hobgoblins
  4 jackals (D:1)
  8 kobolds
  3 quokkas
  9 ball pythons
  3 frilled lizards
  13 goblins
  5 rats
81 creatures vanquished.

Table legend:
 A = Non-vault XP
 B = Vault XP
 C = Vault XP percentage of total XP
 D = Non-vault monster count
 E = Vault monster count
 F = Vault count percentage of total count
                 A         B        C        D         E       F
            +---------+---------+-------+---------+---------+-------
      Total |     280 |     123 |  30.5 |      67 |      14 |  17.3
            +---------+---------+-------+---------+---------+-------
        D:1 |      55 |       1 |   1.8 |      27 |       1 |   3.6
        D:2 |      16 |       0 |   0.0 |       9 |       0 |   0.0
        D:3 |      44 |      33 |  42.9 |      21 |      11 |  34.4
        D:4 |     165 |      89 |  35.0 |      10 |       2 |  16.7
            +---------+---------+-------+---------+---------+-------

Illustrated notes

Table legend:
 A = Kills in this place as a percentage of kills in the entire game.
 B = Kills by you in this place as a percentage of kills by you in the entire game.
 C = Kills by friends in this place as a percentage of kills by friends in the entire game.
 D = Other kills in this place as a percentage of other kills in the entire game.
 E = Experience gained in this place as a percentage of experience gained in the entire game.
 F = Experience gained in this place divided by the number of levels of this place that you have seen.
                   A       B       C       D       E      F
               +-------+-------+-------+-------+-------+----------------------
         Total | 100.0 | 100.0 |   N/A |   N/A | 100.0 | 100.8
       Dungeon | 100.0 | 100.0 |   N/A |   N/A | 100.0 | 100.8
               +-------+-------+-------+-------+-------+----------------------

Table legend: (Time is in decaauts)
 A = Elapsed time spent in this place.
 B = Non-inter-level travel time spent in this place.
 C = Inter-level travel time spent in this place.
 D = Time resting spent in this place.
 E = Time spent auto-exploring this place.
 F = Levels seen in this place.
 G = Mean time per level.
                   A        B        C        D        E       F      G
               +--------+--------+--------+--------+--------+-----+--------+
         Total |   2706 |   2640 |     66 |    262 |   1767 |   4 |  676.5 |
       Dungeon |   2706 |   2640 |     66 |    262 |   1767 |   4 |  676.5 |
               +--------+--------+--------+--------+--------+-----+--------+

Top non-repeatable levels by time:
     D:1: 862 daAuts
     D:3: 732 daAuts
     D:2: 688 daAuts
     D:4: 423 daAuts
